 Dungeon Crawl Stone Soup version 0.17-a0-1504-gb7d9117 (webtiles) character file.

109 namelastname112 the Magician (level 4, 0/33 HPs)
             Began as a Draconian Wizard on July 9, 2015.
             Slain by emiel's ghost (1 damage)
             ... on level 3 of the Dungeon.
             The game lasted 00:03:48 (2262 turns).

namelastname112 the Magician (Draconian Wizard)     Turns: 2262, Time: 00:03:48

Health: 0/33       AC:  6    Str:  9    XL:     4   Next: 60%
Magic:  2/10       EV: 11    Int: 20    God:
Gold:   154        SH:  0    Dex:  9    Spells: 1 memorised, 10 levels left

rFire  . . .     SeeInvis .     i - +2 short sword (speed)
rCold  . . .     Clarity  .     (armour unavailable)
rNeg   . . .     SustAt   .     (no shield)
rPois  +         Gourm    .     a - +0 hat
rElec  .         Spirit   .     (no cloak)
rCorr  .         Warding  .     r - +0 pair of gloves
rMut   +         Stasis   .     (no boots)
MR     .....                    p - amulet of resist mutation
Stlth  +.........               (no ring)
                                w - ring of poison resistance

@: heavily drained, not resistant to hostile enchantments, very unstealthy
A: unfitting armour, cold-blooded, AC +5
a: no special abilities


You were on level 3 of the Dungeon.
You were very hungry.

You visited 1 branch of the dungeon, and saw 3 of its levels.

You collected 154 gold pieces.

Inventory:

Hand weapons
 i - a +2 short sword of speed (weapon)
Armour
 a - a +0 hat (worn)
 r - a +0 pair of gloves (worn)
Jewellery
 p - an amulet of resist mutation (around neck)
 w - a ring of poison resistance (left hand)
Scrolls
 d - 3 scrolls of remove curse {unknown}
 e - a scroll of random uselessness {unknown}
 f - a scroll of immolation {unknown}
 g - 2 scrolls of blinking {unknown}
 h - a scroll of recharging {unknown}
 l - 3 scrolls of identify {unknown}
 m - 2 scrolls of fog {unknown}
 o - 2 scrolls of enchant weapon {unknown}
 u - a scroll of fear {unknown}
 v - a scroll of amnesia {unknown}
Potions
 j - a potion of magic {unknown}
 k - a potion of lignification {unknown}
 n - a potion of cancellation {unknown}
 s - a potion of invisibility {unknown}
 t - 2 potions of mutation {unknown}
 x - a potion of poison {unknown}
Books
 b - a book of Minor Magic

   Spells                             Type                      Level
   a - Magic Dart                     Conjuration                  1
   b - Blink                          Translocation                2
   c - Call Imp                       Summoning                    2
   d - Repel Missiles                 Charms/Air                   2
   e - Slow                           Hexes                        2
   f - Conjure Flame                  Conjuration/Fire             3
   g - Mephitic Cloud                 Conjuration/Poison/Air       3
Comestibles
 c - 4 bread rations
 q - 2 meat rations


   Skills:
 - Level 1.7(0.6) Dodging
 - Level 1.7(0.6) Stealth
 + Level 4.2(3.0) Spellcasting
 + Level 3.0(1.8) Conjurations
   Level 1.0(0.0) Summonings
   Level 1.0(0.0) Translocations


You had 10 spell levels left.
You knew the following spells:

 Your Spells              Type           Power        Failure   Level  Hunger
z - Magic Dart            Conj           ##..         10%         1    None


Dungeon Overview and Level Annotations

Branches:
Dungeon (3/15)

Altars:

Annotations:
D:3 emiel's ghost, average OgWz


Innate Abilities, Weirdness & Mutations

Your plain brown scales are hard (AC +5).
Your body does not fit into most forms of armour.
You are cold-blooded and may be slowed by cold attacks.


Message History

Aiming: Magic Dart
Press: ? - help, Shift-Dir - straight line, f/p - emiel's ghost
Aim: emiel's ghost, wielding a weapon of draining (moderately damaged)
The magic dart hits emiel's ghost.
Emiel's ghost is moderately damaged.
Emiel's ghost hits you.
* * * LOW HITPOINT WARNING * * *
You feel drained.
* * * LOW HITPOINT WARNING * * *
Casting: Magic Dart
Confirm with . or Enter, or press ? or * to list all spells.
Aiming: Magic Dart
Press: ? - help, Shift-Dir - straight line, f/p - emiel's ghost
Aim: emiel's ghost, wielding a weapon of draining (moderately damaged)
The magic dart hits emiel's ghost.
Emiel's ghost is moderately damaged.
Emiel's ghost hits you.
* * * LOW HITPOINT WARNING * * *
You feel drained.
You die...

... #.# .....#.#
#.####..
......#########.......
...$............###..
...... .............
....# ####.#..####. ...
.....#....#
##.##.#.#####.#.##
###W@...#.......#..##
#....###.........#..#
#...##................#
.... ####..........####
.#. #..........#
#..#######..........# .
..................#
...######........## #
#..........####


You could see emiel's ghost.

Vanquished Creatures
  A hound (D:3)
  3 adders (D:2)
  A worm (D:2)
  2 giant geckos (D:2)
  7 bats
  7 goblins
  5 hobgoblins
  3 jackals (D:2)
  9 giant cockroaches
  A giant newt (D:1)
  8 kobolds
  11 rats
58 creatures vanquished.

Notes
Turn   | Place    | Note
--------------------------------------------------------------
     0 | D:1      | namelastname112 the Draconian Wizard began the quest for the Orb.
     0 | D:1      | Reached XP level 1. HP: 14/14 MP: 4/4
   326 | D:1      | Reached XP level 2. HP: 20/20 MP: 3/6
   765 | D:2      | Reached XP level 3. HP: 26/26 MP: 1/8
  1079 | D:2      | Reached skill level 4 in Spellcasting
  1467 | D:2      | Reached XP level 4. HP: 31/33 MP: 10/10
  2253 | D:3      | Noticed emiel's ghost (average OgWz)
  2262 | D:3      | HP: 1/33 [emiel's ghost (3)]
  2262 | D:3      | Slain by emiel's ghost

Vault maps used:
D:1:      zelgadis_glass_arrival_small
D:2:      first_bread

Action                   |  1- 3 |  4- 6 || total
-------------------------+-------+-------++-------
Melee: Unarmed           |     8 |       ||     8
       Short sword       |    93 |    22 ||   115
 Cast: Magic Dart        |    49 |    43 ||    92
  Eat: Chunk             |     2 |     1 ||     3
